 Dungeon Crawl Stone Soup version 0.22-a0-525-gf69a080 (webtiles) character file.

23 iamserjio the Charmwright (level 3, 0/18 HPs)
             Began as a Vine Stalker Skald on June 21, 2018.
             Slain by a bat (1 damage)
             ... on level 1 of the Dungeon.
             The game lasted 00:02:23 (237 turns).

iamserjio the Charmwright (Vine Stalker Skald)       Turns: 237, Time: 00:02:24

Health: 0/18       AC:  3    Str: 13    XL:     3   Next: 0%
Magic:  0/7        EV: 11    Int: 14    God:
Gold:   16         SH:  0    Dex: 13    Spells: 3/6 levels left

rFire    . . .     SeeInvis .     - Unarmed
rCold    . . .     Gourm    .   (no shield)
rNeg     . . .     Faith    .   a - +0 leather armour
rPois    .         Spirit   +   (no helmet)
rElec    .         Reflect  .   (no cloak)
rCorr    .         Harm     .   (no gloves)
MR       .....                  (no boots)
Stlth    +.........             (no amulet)
HPRegen  0.06/turn              (no ring)
MPRegen  0.10/turn              (no ring)

@: infused
A: fangs 2, magic shield, antimagic bite, no potion heal 3, rot immunity
a: no special abilities


You were on level 1 of the Dungeon.
You were not hungry.

You visited 1 branch of the dungeon, and saw 2 of its levels.

You collected 16 gold pieces.

Inventory:

Armour
 a - a +0 leather armour (worn)
Scrolls
 b - a scroll of identify {unknown}
 d - a scroll of teleportation {unknown}
Comestibles
 c - a ration


   Skills:
 + Level 2.2 Fighting
 - Level 0.7 Armour
 - Level 1.5 Dodging
 * Level 3.0 Unarmed Combat
 - Level 2.1 Spellcasting
 - Level 3.0 Charms


You had 3 spell levels left.
You knew the following spells:

 Your Spells              Type           Power        Failure   Level  Hunger
a - Infusion              Chrm           #...         9%          1    #......
b - Song of Slaying       Chrm           #.......     13%         2    ###....

Your spell library contained the following spells:

 Spells                   Type           Power        Failure   Level  Hunger
 Regeneration             Chrm/Necr      #.........   43%         3    ###....
 Shroud of Golubria       Chrm/Tloc      #.........   24%         2    ###....
 Spectral Weapon          Hex/Chrm       #.......     43%         3    ###....


Dungeon Overview and Level Annotations

Branches:
Dungeon (2/15)

Altars:


Innate Abilities, Weirdness & Mutations

You have extremely sharp teeth.
When hurt, damage is shared between your health and your magic reserves.
Your bite disrupts and absorbs the magic of your enemies.
Potions cannot restore your health.
You are immune to rotting.


Message History

You begin infusing your attacks with magical energy.
The bat hits you but does no damage. The bat closely misses you.
You closely miss the bat. Your bite misses the bat.
The bat barely misses you. x2
You hit the hobgoblin.
The hobgoblin is heavily wounded.
The bat barely misses you.
The hobgoblin hits you but does no damage.
You barely miss the hobgoblin.
You bite the hobgoblin, but do no damage.
The hobgoblin is heavily wounded.
The bat closely misses you. x2; The hobgoblin hits you with a club.
* * * LOW HITPOINT WARNING * * *
You hit the hobgoblin.
You kill the hobgoblin!
You have reached level 3!
Your experience leads to an increase in your attributes!
Increase (S)trength, (I)ntelligence, or (D)exterity?
You feel clever. The bat hits you.
You die...

..........
#.#
..........
#.#
#.........
#.#
###.......
#.# ###.....
#$# #.......
#.#
.........
#b#
.....≈≈≈.
#@#
...≈≈≈≈≈≈
#)#
..≈≈≈≈≈≈≈
########.###
########
.......>...#
######.#.#.#
#...#..#
###.. ...
###...#.
##.# #


You could see a bat.

Vanquished Creatures
  A worm (D:2)
  2 leopard geckos
  3 bats
  2 goblins (D:2)
  3 hobgoblins
  2 jackals (D:2)
  A frilled lizard (D:2)
  3 rats
17 creatures vanquished.

Notes
Turn   | Place    | Note
-------+----------+-------------------------------------------
     0 | D:1      | iamserjio the Vine Stalker Skald began the quest for the Orb.
     0 | D:1      | Reached XP level 1. HP: 11/11 MP: 4/4
    56 | D:2      | Reached XP level 2. HP: 3/15 MP: 1/6
    92 | D:2      | Learned a level 2 spell: Song of Slaying
   237 | D:1      | Reached XP level 3. HP: 1/18 MP: 0/7
   237 | D:1      | Slain by a bat

Vault maps used:
D:1:      nzn_arrival_depleted_hourglass, corexii_corridor_pit
D:2:      minitemple, first_ration, st_stairs_6

Skill      XL: |  1  2 |
---------------+-------+-----
Fighting       | 2 |  2.2
Unarmed Combat | 3 |  3.0
Armour         | |  0.7
Dodging        | |  1.5
Spellcasting   | |  2.1
Charms         | |  3.0

Action                   || total
-------------------------++-------
Melee: Unarmed           ||    63
       Bite              ||    18
 Cast: Infusion          ||     3
Armor: Leather armour    ||    17
Dodge: Dodged            ||    40

Table legend:
 A = Spawn XP
 B = Non-spawn XP
 C = Spawn XP percentage of total XP
 D = Spawn monster count
 E = Non-spawn monster count
 F = Spawn count percentage of total count
 G = Total turns spent on level
                    A         B        C        D         E        F      G
               +---------+---------+-------+---------+---------+-------+---------
         Total |       0 |      34 |   0.0 |       0 |      17 |   0.0 |   237
               +---------+---------+-------+---------+---------+-------+---------
           D:1 |       0 |      10 |   0.0 |       0 |       5 |   0.0 |    56
           D:2 |       0 |      24 |   0.0 |       0 |      12 |   0.0 |   181
               +---------+---------+-------+---------+---------+-------+---------
